 Dungeon Crawl Stone Soup version 0.27.0-1-g7a089689b8 (webtiles) character file.

Game seed: 18094262416489071603

64 hawla the Grave Robber (level 3, -3/28 (31) HPs)
             Began as a Deep Elf Necromancer on Aug 2, 2021.
             Slain by an orc (5 damage)
             ... on level 3 of the Dungeon.
             The game lasted 00:06:03 (3320 turns).

hawla the Grave Robber (Deep Elf Necromancer)       Turns: 3320, Time: 00:06:04

HP:   -3/28 (31)    AC:  2    Str:  5    XL:     3   Next: 91%
MP:   7/9           EV: 12    Int: 20    God:
Gold: 29            SH:  0    Dex: 15    Spells: 6/8 levels left

rFire    . . .     SeeInvis .   (no weapon)
rCold    . . .     Faith    .   (no shield)
rNeg     . . .     Spirit   .   a - +0 robe
rPois    .         Reflect  .   (no helmet)
rElec    .         Harm     .   (no cloak)
rCorr    .         Rampage  .   (no gloves)
Will     .....                  (no boots)
Stlth    ..........             (no amulet)
HPRegen  0.09/turn              (no ring)
MPRegen  0.11/turn              (no ring)

@: berserking, drained, very quick
A: no striking features
a: no special abilities


You were on level 3 of the Dungeon.
You visited 1 branch of the dungeon, and saw 3 of its levels.

You collected 86 gold pieces.
You spent 57 gold pieces at shops.

Inventory:

Missiles
 k - 16 poisoned darts (quivered)
Armour
 a - a +0 robe (worn)
Wands
 g - a wand of charming (6)
Scrolls
 c - a scroll of blinking {unknown}
 f - a scroll of enchant armour {unknown}
 h - a scroll of noise {unknown}
 i - a scroll of teleportation {unknown}
 j - 2 scrolls of identify {unknown}
 m - 2 scrolls of amnesia {unknown}
Potions
 d - a potion of flight {unknown}
 e - a potion of haste {unknown}
 l - a potion of resistance {unknown}
 n - a potion of lignification {unknown}
 o - a potion of attraction {unknown}


   Skills:
 - Level 2.0 Fighting
 - Level 2.4 Dodging
 - Level 2.4 Stealth
 - Level 3.0 Spellcasting
 + Level 5.8 Necromancy


You had 6 spell levels left.
You knew the following spells:

 Your Spells              Type           Power      Damage    Failure   Level
a - Pain                  Necr           100%       1d9       1%          1
b - Animate Skeleton      Necr           52%        N/A       1%          1

Your spell library contained the following spells:

 Spells                   Type           Power      Damage    Failure   Level
 Vampiric Draining        Necr           13%        2d7       3%          3
 Animate Dead             Necr           13%        N/A       13%         4
 Agony                    Necr           26%        N/A       34%         5


Dungeon Overview and Level Annotations

Branches:
Dungeon (3/15)

Altars:

Shops:
D:1 [*!


Message History

o - an inky potion You now have enough gold to buy a yellow potion on D:1, or buy a scroll labelled GAUSIU YFREDE on D:1.
You can access your shopping list by pressing '$'.
You now have 29 gold pieces (gained 15).
k - 16 poisoned darts (gained 6)
An orc comes into view. It is wielding a +0 short sword.
The orc shouts!
You hear a shout!
An orc comes into view. It is wielding a +0 dagger.
There are monsters nearby!
There are monsters nearby!
There are monsters nearby!
An orc comes into view. It is wielding a +0 falchion.
An orc wizard comes into view. It is wielding a +0 dagger.
An orc comes into view. It is wielding a +0 hand axe.
The orc shouts!
The orc hits you with a +0 short sword.
The orc wizard casts a spell.
The orc wizard flickers and vanishes!
Deactivating autopickup; reactivate with Ctrl-A.
Casting: Pain (safe; 1% risk of failure)
Confirm with . or Enter, or press ? or * to list all spells.
Aiming: Pain (safe; 1% risk of failure)
Press: ? - help, Shift-Dir - straight line, f - orc
Aim: an orc, wielding a +0 short sword (chance to affect: 93%)
The orc writhes in agony.
The orc hits you with a +0 short sword.
Casting: Pain (safe; 1% risk of failure)
Confirm with . or Enter, or press ? or * to list all spells.
Aiming: Pain (safe; 1% risk of failure)
Press: ? - help, Shift-Dir - straight line, f/p - orc
Aim: an orc, wielding a +0 short sword (moderately wounded, chance to affect: 93%)
The orc writhes in agony.
The orc hits you with a +0 short sword.
* * * LOW HITPOINT WARNING * * *
It was a potion of berserk rage.
A red film seems to cover your vision as you go berserk!
You feel yourself moving faster!
You feel mighty! The orc misses you.
You closely miss the orc.
The orc is heavily wounded.
The orc hits you with a +0 short sword.
You die...

#.....# #.# #.# #.##### #.#
.. .# #)# #.# ####.# #.#
###.# ..... #.# ##...## #....
#.# ##..†..##### #.#.#
#.###.8...8.#..# #.#.#
..##...........###.#.###.###.
####....⌠.......@oo{oo.......
...............#####.###.####
...##.8...8.#..# #.#
...###.....##... ..# ...#
##...###.... ....
..##..........########
.........##.##. ..######## #
# ###


You could see 4 orcs.

Vanquished Creatures
  2 adders (D:2)
  3 dart slugs
  4 bats (D:2)
  An endoplasm (D:3)
  A giant cockroach (D:1)
  3 goblins
  A hobgoblin (D:2)
  3 jackals (D:2)
  3 kobolds
  2 quokkas (D:2)
  2 ball pythons
  3 frilled lizards
  4 rats
32 creatures vanquished.

Vanquished Creatures (collateral kills)
  A hound skeleton (D:3)
  A frilled lizard (D:3)
2 creatures vanquished.

Grand Total: 34 creatures vanquished

Notes
Turn   | Place    | Note
-------+----------+-------------------------------------------
     0 | D:1      | hawla the Deep Elf Necromancer began the quest for the Orb.
     0 | D:1      | Reached XP level 1. HP: 10/10 MP: 6/6
    20 | D:1      | Found Tenunig's Armour Shoppe.
    23 | D:1      | Learned a level 1 spell: Animate Skeleton
   362 | D:1      | Reached skill level 5 in Necromancy
   505 | D:1      | Reached XP level 2. HP: 13/16 MP: 4/8
   614 | D:1      | Reached skill level 1 in Fighting
  1004 | D:1      | Found Tatoisuqo's Assorted Antiques.
  1087 | D:1      | Found Maqoikar's Distillery.
  1529 | D:2      | Reached XP level 3. HP: 14/20 MP: 5/9
  2366 | D:1      | Bought a potion of degeneration for 10 gold pieces
  2814 | D:1      | Bought a yellow potion for 22 gold pieces
  2814 | D:1      | Bought a scroll labelled FYMUAPLICU for 25 gold pieces
  2868 | D:3      | Found a faded altar of an unknown god.
  3320 | D:3      | Slain by an orc

Illustrated notes

Levels and vault maps discovered:
D:1:      doesnt_arrival_eight_statues, layout_loops_ring, serial_shops,
          nicolae_diamond_shop, nicolae_lakefront_shop, shop,
          hangedman_abyss_or_decor_lesser_grid
D:2:      layout_loops_corners, serial_forest, infiniplex_forest_lined_4_way,
          infiniplex_forest_lined_3, infiniplex_forest_straight_5,
          infiniplex_forest_split, infiniplex_forest_lined_3,
          infiniplex_forest_lined_ring, infiniplex_forest_join,
          infiniplex_forest_end_1
D:3:      layout_loops_ring, marbit_many_paths,
          dreamdust_ecumenical_altar_drowned_temple, minmay_misc_feat_encased,
          wad_floor_pattern_untrapped, minmay_misc_feat_enclosed,
          grunt_ministairs_9

Skill      XL: |  1  2  3 |
---------------+----------+-----
Necromancy     | 5 |  5.8
Fighting       | 1 2 |  2.0
Dodging        | |  2.4
Stealth        | |  2.4
Spellcasting   | |  3.0

Action                   || total
-------------------------++-------
Melee: Unarmed           ||    30
 Cast: Pain              ||    57
       Animate Skeleton  ||     5
  Use: Scroll            ||     1
       Potion            ||     1
Armor: Robe              ||    10
Dodge: Dodged            ||    26
